 Dungeon Crawl Stone Soup version 0.21.1-1-g345015f (webtiles) character file.

20390 Melicamp the Slicer (level 13, -1/89 HPs)
             Began as a Kobold Berserker on Mar 26, 2018.
             Was a High Priest of Trog.
             Slain by Urug
             ... wielding a +5 great sword of freezing
              (5 damage)
             ... on level 2 of the Lair of Beasts on Mar 27, 2018.
             The game lasted 02:19:58 (20490 turns).

Melicamp the Slicer (Kobold Berserker)             Turns: 20490, Time: 02:19:59

Health: -1/89      AC:  5    Str: 15    XL:     13   Next: 11%
Magic:  13/13      EV: 27    Int: 11    God:    Trog [*****.]
Gold:   543        SH:  0    Dex: 18    Spells: 12/12 levels left

rFire    . . .     SeeInvis .   z - +3 rapier (speed)
rCold    . . .     Gourm    .   (shield restricted)
rNeg     . . .     Faith    .   h - +0 robe "Raofawk" {Slay+3}
rPois    +         Spirit   .   f - +0 helmet
rElec    .         Reflect  .   (no cloak)
rCorr    .         Harm     .   y - +1 pair of gloves
MR       .....                  (no boots)
Stlth    +++.......             p - amulet of rage
HPRegen  0.24/turn              M - ring of poison resistance
MPRegen  0.13/turn              G - +2 ring of intelligence

@: berserk cooldown, slowed, very slow
A: small, carnivore
a: Berserk, Trog's Hand, Brothers in Arms, Burn Spellbooks, Renounce Religion,
Evoke Berserk Rage


You were on level 2 of the Lair of Beasts.
You worshipped Trog.
Trog was extremely pleased with you.
You were very full.

You visited 4 branches of the dungeon, and saw 15 of its levels.

You collected 702 gold pieces.
You spent 159 gold pieces at shops.

Inventory:

Hand Weapons
 z - a +3 rapier of speed (weapon)
Missiles
 d - 334 stones (quivered)
 m - 205 arrows
 H - 7 needles of sleeping
 J - 2 throwing nets
Armour
 f - a +0 helmet (worn)
 h - the +0 robe "Raofawk" (worn) {Slay+3}
   (You bought it in a shop on level 6 of the Dungeon)

   It affects your accuracy and damage with ranged weapons and melee attacks
   (+3).
 y - a +1 pair of gloves (worn)
 K - the +1 robe of Free Expression {Str+7 Int+3}
   (You found it on level 9 of the Dungeon)

   It affects your strength (+7).
   It affects your intelligence (+3).
 N - a +0 shield
 P - +0 steam dragon scales
Jewellery
 b - an uncursed ring of resist corrosion
 p - an amulet of rage (around neck)
 D - an uncursed ring of magical power
 F - an uncursed ring of see invisible
 G - a +2 ring of intelligence (right hand)
 M - a ring of poison resistance (left hand)
Wands
 q - a wand of clouds (3)
 t - a wand of iceblast (16)
 I - a wand of flame (10)
 Q - a wand of disintegration (7)
Scrolls
 a - a scroll of fear
 e - 5 scrolls of teleportation
 i - a scroll of identify
 k - 3 scrolls of noise
 l - 2 scrolls of amnesia
 n - a scroll of magic mapping
 o - 7 scrolls of remove curse
 r - a scroll of immolation
 L - 3 scrolls of enchant weapon
Potions
 g - a potion of invisibility {unknown}
 j - a potion of heal wounds
 s - a potion of flight {unknown}
 v - 2 potions of lignification
 w - 2 potions of cancellation
 x - a potion of ambrosia
 A - 4 potions of curing
 C - 2 potions of haste
 E - 3 potions of mutation
Comestibles
 c - 31 rations
 O - a chunk of flesh


   Skills:
 * Level 13.8 Fighting
 - Level 14.0 Short Blades
 - Level 1.5 Armour
 - Level 14.0 Dodging
 - Level 5.2 Stealth


You had 12 spell levels left.
You didn't know any spells.

Dungeon Overview and Level Annotations

Branches:
Dungeon (11/15)            Temple (1/1) D:6            Lair (2/6) D:11
    Orc (1/2) D:9
  Swamp: Lair:2-4    Shoals: Lair:2-4     Snake: Lair:2-4    Spider: Lair:2-4

Altars:
Ashenzari
Cheibriados
Dithmenos
Elyvilon
Fedhas
Gozag
Hepliaklqana
Kikubaaqudgha
Makhleb
Nemelex Xobeh
Okawaru
Qazlal
Ru
Sif Muna
Trog
Uskayaw
Vehumet
Wu Jian
Xom
Yredelemnul
Zin
The Shining One

Shops:
D:6 [   D:9 [

Annotations:
Lair:2 Urug


Innate Abilities, Weirdness & Mutations

You are small and have problems with some larger weapons.
You are carnivorous and can eat meat at any time.


Message History

Urug freezes you. Urug barely misses you.
The spellbook bursts into flames.
Trog is delighted!
Urug is engulfed in blazing flames.
Urug hits you with a great sword of freezing!
* * * LOW HITPOINT WARNING * * *
Urug freezes you.
* * * LOW HITPOINT WARNING * * *
Quiver which item? (- for none, * to show all) (? for menu, Esc to quit)
Okay, then.
You feel much better.
Urug is engulfed in blazing flames.
Urug hits you with a great sword of freezing!!
* * * LOW HITPOINT WARNING * * *
Urug freezes you.
* * * LOW HITPOINT WARNING * * *
As you read the scroll of fog, it crumbles to dust.
The scroll dissolves into smoke.
Urug is engulfed in blazing flames.
Urug hits you with a great sword of freezing!
* * * LOW HITPOINT WARNING * * *
Urug freezes you.
You die...

## ### # ###.#### #.####### #
#########P##.#§####..##P.########
.........(.(..§§@§§..............
..............§o§§§..............
...............§§§##.P+#P#...P.#.
...#...P#.P##.....P##..# #...###.
...#........(......#.#.###....#..
...#........#...(.###...#.....#..
...#........#......##..##....#...
.............(..(.............##.
#.##........#.....###.##......###


You could see Urug.

Vanquished Creatures
  Erica (D:9)
  4 two-headed ogres
  Sonja (Lair:2)
  An ugly thing (D:11)
  2 black mambas (Lair:1)
  A rime drake (Lair:2)
  4 spiny frogs
  A kobold demonologist (D:11)
  A hornet (D:10)
  4 hippogriffs
  A spriggan (D:8)
  3 wyverns
  15 yaks (Lair:1)
  7 wraiths
  A steam dragon (Lair:1)
  8 water moccasins
  A porcupine (Lair:2)
  4 sky beasts
  2 orc warriors
  An ice beast (D:10)
  2 black bears
  3 phantoms
  9 wolves
  An eye of draining (D:11)
  4 ogres
  5 centaurs
  14 crocodiles
  A big kobold (D:7)
  Blork the orc (D:6)
  15 bullfrogs
  3 scorpions
  14 killer bees
  8 wights
  3 howler monkeys
  A crimson imp (D:10)
  2 centaur zombies
  3 centaur skeletons
  2 jellies
  2 quasits
  3 orc priests
  6 hounds
  10 orc wizards
  A bullfrog skeleton (D:11)
  Terence (D:3)
  5 iguanas
  A statue (D:8)
  6 worker ants
  2 hound skeletons
  A worker ant zombie (D:9)
  4 gnolls (D:5)
  16 adders
  A howler monkey skeleton (D:9)
  5 shadow imps
  An ooze (D:2)
  An adder skeleton (D:6)
  3 worms
  2 dart slugs
  14 leopard geckos
  23 orcs
  10 giant cockroaches
  9 goblins
  9 hobgoblins
  18 jackals
  2 quokkas
  A ball python (D:1)
  11 bats
  12 frilled lizards
  A jackal zombie (D:8)
  18 kobolds
  A leopard gecko skeleton (D:4)
  A leopard gecko zombie (D:8)
  12 rats
  A plant (Lair:2)
368 creatures vanquished.

Vanquished Creatures (collateral kills)
  Erolcha (D:9)
1 creature vanquished.

Vanquished Creatures (others)
  9 fungi (Lair:2)
9 creatures vanquished.

Grand Total: 378 creatures vanquished

Notes
Turn   | Place    | Note
-------+----------+-------------------------------------------
     0 | D:1      | Melicamp the Kobold Berserker began the quest for the Orb.
     0 | D:1      | Reached XP level 1. HP: 14/14 MP: 1/1
   394 | D:1      | Reached XP level 2. HP: 19/19 MP: 2/2
   641 | D:1      | Reached skill level 5 in Short Blades
  1052 | D:1      | Reached XP level 3. HP: 23/23 MP: 3/3
  1073 | D:1      | Reached ** piety under Trog
  1759 | D:2      | Reached XP level 4. HP: 22/28 MP: 4/4
  2166 | D:2      | Found a shattered altar of Ashenzari.
  2333 | D:2      | Reached XP level 5. HP: 32/32 MP: 5/5
  3165 | D:3      | Reached *** piety under Trog
  3494 | D:3      | Found a snail-covered altar of Cheibriados.
  3609 | D:3      | Noticed Terence
  3632 | D:3      | Killed Terence
  3725 | D:3      | Reached XP level 6. HP: 37/37 MP: 6/6
  3876 | D:3      | Found a deep blue altar of Sif Muna.
  4318 | D:4      | Reached XP level 7. HP: 44/44 MP: 7/7
  4321 | D:4      | Reached skill level 5 in Fighting
  4442 | D:4      | Found a burning altar of Makhleb.
  4443 | D:4      | Found a basalt altar of Yredelemnul.
  4857 | D:4      | Found a bloodstained altar of Trog.
  5099 | D:5      | Entered Level 5 of the Dungeon
  5193 | D:5      | Reached **** piety under Trog
  5378 | D:5      | Reached skill level 5 in Dodging
  5378 | D:5      | Reached XP level 8. HP: 34/52 MP: 8/8
  5863 | D:5      | Found a glowing silver altar of Zin.
  6049 | D:6      | Found a staircase to the Ecumenical Temple.
  6098 | Temple   | Entered the Ecumenical Temple
  6651 | D:6      | Reached XP level 9. HP: 60/60 MP: 9/9
  6859 | D:6      | Noticed Blork the orc
  6870 | D:6      | Killed Blork the orc
  6931 | D:6      | Found an ornate altar of the Wu Jian Council.
  6959 | D:6      | Got a transparent robe
  6963 | D:6      | Identified the +1 robe of the Pleiades {Str+4 Dex+2} (You found it on level 6 of the Dungeon)
  7171 | D:6      | Found a stormy altar of Qazlal.
  7236 | D:6      | Found Yzedut's Antique Armour Emporium.
  7277 | D:6      | Bought a bloodstained robe for 159 gold pieces
  7277 | D:6      | Identified the +0 robe "Raofawk" {Slay+3} (You bought it in a shop on level 6 of the Dungeon)
  7483 | D:6      | Reached skill level 10 in Fighting
 11272 | D:7      | Found a shadowy altar of Dithmenos.
 11398 | D:8      | Found a hide-covered altar of Uskayaw.
 11611 | D:8      | Noticed a hippogriff
 11928 | D:8      | Reached XP level 10. HP: 62/68 MP: 10/10
 12129 | D:8      | Reached skill level 10 in Short Blades
 12530 | D:8      | Found the +5 scythe "Finisher" {speed, Str+3}
 12542 | D:8      | Reached ***** piety under Trog
 12609 | D:8      | Noticed a two-headed ogre
 12616 | D:8      | Killed a two-headed ogre
 12616 | D:8      | Reached skill level 10 in Dodging
 12731 | D:8      | Found a radiant altar of Vehumet.
 12852 | D:9      | Noticed Erica
 12867 | D:9      | Killed Erica
 12867 | D:9      | Reached XP level 11. HP: 60/73 MP: 11/11
 13035 | D:9      | Found a stormy altar of Qazlal.
 13238 | D:9      | Found a staircase to the Orcish Mines.
 13305 | D:9      | Got a warped robe
 13316 | D:9      | Identified the +1 robe of Free Expression {Str+7 Int+3} (You found it on level 9 of the Dungeon)
 13399 | D:9      | Received a gift from Trog
 13733 | D:9      | Noticed Erolcha
 13838 | D:9      | Found Sudass's Antique Armour Shoppe.
 13903 | D:9      | Found an opulent altar of Gozag.
 13944 | D:9      | Killed Erolcha
 14118 | Orc:1    | Entered Level 1 of the Orcish Mines
 14118 | Orc:1    | Noticed an orc sorcerer
 14139 | D:10     | Entered Level 10 of the Dungeon
 14456 | D:10     | Noticed a two-headed ogre
 14517 | D:10     | Killed a two-headed ogre
 14954 | D:10     | Noticed a two-headed ogre
 14964 | D:10     | Killed a two-headed ogre
 15575 | D:11     | Noticed a red ugly thing
 15601 | D:11     | Killed a white ugly thing
 15929 | D:11     | Reached XP level 12. HP: 61/81 MP: 12/12
 16115 | D:11     | Noticed a two-headed ogre
 16124 | D:11     | Killed a two-headed ogre
 16896 | D:11     | Found a staircase to the Lair.
 17256 | Lair:1   | Entered Level 1 of the Lair of Beasts
 18647 | Lair:1   | Received a gift from Trog
 19176 | Lair:2   | Noticed a six-headed hydra
 19177 | Lair:2   | Noticed Sonja
 19329 | Lair:2   | Reached skill level 1 in Stealth
 19437 | Lair:2   | Noticed Urug
 19932 | Lair:2   | Reached XP level 13. HP: 81/88 MP: 13/13
 20044 | Lair:2   | Reached skill level 5 in Stealth
 20471 | Lair:2   | Killed Sonja
 20490 | Lair:2   | HP: 4/89 [Urug/great sword of freezing (10)]
 20490 | Lair:2   | Slain by Urug

Skill      XL: |  1  2  3  4  5  6  7  8  9 10 11 12 13 |
---------------+----------------------------------------+-----
Short Blades   | 5 6 7 8 9 12 14 | 14.0
Fighting       | 4 6 8 10 11 13 | 13.8
Dodging        | 3 5 6 8 10 12 14 | 14.0
Stealth        | 4 5 |  5.2
Armour         | |  1.5

Action                   |  1- 3 |  4- 6 |  7- 9 | 10-12 | 13-15 || total
-------------------------+-------+-------+-------+-------+-------++-------
Melee: Short sword       |   131 |   147 |       |       |       ||   278
       Dagger            |       |    53 |   309 |   129 |       ||   491
       Rapier            |       |       |       |   558 |    58 ||   616
Throw: Stone             |     5 |     6 |    17 |    58 |    19 ||   105
Invok: Berserk           |     6 |    14 |     8 |    28 |     2 ||    58
       Trog's Hand       |       |       |     1 |     2 |       ||     3
       Burn Spellbooks   |       |       |       |     2 |     1 ||     3
       Brothers in Arms  |       |       |       |     1 |       ||     1
Evoke: Wand              |       |       |     2 |       |       ||     2
  Use: Scroll            |       |     5 |    20 |     5 |     1 ||    31
       Potion            |       |     2 |     6 |     2 |     2 ||    12
 Stab: Sleeping          |     4 |     6 |     1 |     1 |       ||    12
       Distracted        |       |       |     1 |       |       ||     1
  Eat: Chunk             |    17 |    20 |    25 |    55 |     2 ||   119
       Ration            |       |       |     3 |       |       ||     3
Armor: Animal skin       |    14 |    16 |     5 |       |       ||    35
       Robe              |       |       |     6 |    30 |     1 ||    37
Dodge: Dodged            |    98 |   117 |   159 |   332 |    24 ||   730
